 Dungeon Crawl Stone Soup version 0.27.0-1-g7a089689b8 (webtiles) character file.

Game seed: 1002666951692728372

21 DocSulfur the Caller (level 2, 0/22 HPs)
             Began as a Demigod Summoner on Aug 4, 2021.
             Slain by Natasha (6 damage)
             ... on level 2 of the Dungeon.
             The game lasted 00:04:36 (1943 turns).

DocSulfur the Caller (Demigod Summoner)             Turns: 1943, Time: 00:04:37

Health: 0/22       AC:  2    Str:  9    XL:     2   Next: 45%
Magic:  5/7        EV: 16    Int: 17    God:
Gold:   59         SH:  0    Dex: 14    Spells: 4/5 levels left

rFire    . . .     SeeInvis .   k - +0 falchion
rCold    . . .     Faith    .   (no shield)
rNeg     . . .     Spirit   .   a - +0 robe
rPois    .         Reflect  .   (no helmet)
rElec    .         Harm     .   (no cloak)
rCorr    .         Rampage  .   (no gloves)
Will     .....                  (no boots)
Stlth    ++........             (no amulet)
HPRegen  0.07/turn              i - +4 ring of evasion
MPRegen  0.10/turn              (no ring)

@: slowed, very slow
A: high mp 1, forlorn
a: no special abilities


You were on level 2 of the Dungeon.
You visited 1 branch of the dungeon, and saw 2 of its levels.

You collected 59 gold pieces.

Inventory:

Hand Weapons
 f - a +0 dagger
 k - a +0 falchion (weapon)
Missiles
 h - 43 stones
Armour
 a - a +0 robe (worn)
Jewellery
 e - a ring of fire
 i - a +4 ring of evasion (left hand)
Scrolls
 g - a scroll of fear {unknown}
 l - a scroll of enchant armour {unknown}
 m - 2 scrolls of torment {unknown}
Potions
 b - 2 potions of attraction {unknown}
 c - a potion of heal wounds {unknown}
 d - a potion of curing {unknown}
 j - a potion of berserk rage {unknown}


   Skills:
 + Level 0.3 Fighting
 + Level 0.2 Short Blades
 - Level 1.7 Dodging
 - Level 1.7 Stealth
 + Level 0.3 Unarmed Combat
 + Level 2.2 Spellcasting
 + Level 3.9 Summonings


You had 4 spell levels left.
You knew the following spells:

 Your Spells              Type           Power      Damage    Failure   Level
a - Summon Small Mammal   Summ           60%        N/A       3%          1

Your spell library contained the following spells:

 Spells                   Type           Power      Damage    Failure   Level
 Call Imp                 Summ           15%        N/A       6%          2
 Call Canine Familiar     Summ           15%        N/A       12%         3
 Summon Guardian Golem    Hex/Summ       8%         N/A       26%         3
 Passwall                 Tmut/Erth      0%         N/A       28%         2
 Swiftness                Air            1%         N/A       50%         3
 Summon Lightning Spire   Summ/Air       8%         N/A       63%         4
 Invisibility             Hex            0%         N/A       100%        6


Dungeon Overview and Level Annotations

Branches:
Dungeon (2/15)

Shops:
D:1 ?

Annotations:
D:2 Natasha


Innate Abilities, Weirdness & Mutations

Your attributes grow dramatically as you level up.
You have an increased reservoir of magic. (+10% MP)
You shall have no god before yourself.


Message History

Casting: Summon Small Mammal (safe; 3% risk of failure)
Confirm with . or Enter, or press ? or * to list all spells.
What are your orders? t - Shout!
Orders for allies: a - Attack new target. p - Attack previous target. r - Retreat! s - Stop attacking. g - Guard the area. f - Follow me.
Anything else - Cancel.
Gang up on whom?
Press: ? - help, Dir - move target, f/p - Natasha
Aim: Natasha (heavily wounded, ally target) Attack!
Natasha stares at you and mumbles some strange words.
The magic dart hits your rat!
Your rat dies!
Your rat's corpse disappears in a puff of smoke!
Natasha casts a spell at you. The magic dart hits you.
Your rat closely misses Natasha.
Natasha stares at you and mumbles some strange words.
Your rat seems to slow down.
As you open the door, it creaks loudly!
Your rat bites Natasha.
Natasha closely misses your rat. Something closely misses your rat.
There is an open door here.
There is an open door here.
Natasha hisses angrily.
Natasha mumbles some strange words.
Natasha glows brightly for a moment.
Natasha extends her claws.
Natasha stares at you and mumbles some strange words.
The magic dart hits you!
* * * LOW HITPOINT WARNING * * *
Natasha howls an incantation.
Natasha shimmers violently.
Natasha casts a spell at you.
You feel yourself slow down.
There is a stone staircase leading up here.
Natasha claws you.
You die...

##############
...#.........#
###########
##.#.#######.######
#.........# ##)#.#
#....@.#
#.#######.# .#...#
#####....h.# #.#
#####.#
.#...###..........#
#.# #......
......##.###......#
#.###.###.#
........#.##......#
#.........#
###..........##.###
#####.#####
#.###########.#####
#.# #.# #.......#
####.#### ##+##
#.#.###.# #.......#


You could see Natasha.

Vanquished Creatures
  A goblin (D:1)
  A hobgoblin (D:2)
  A kobold (D:2)
  4 ball pythons
  4 rats
11 creatures vanquished.

Vanquished Creatures (collateral kills)
  A worm (D:2)
  A bat (D:1)
  3 endoplasms (D:1)
  A goblin (D:1)
  3 hobgoblins (D:1)
  2 frilled lizards (D:1)
11 creatures vanquished.

Grand Total: 22 creatures vanquished

Notes
Turn   | Place    | Note
-------+----------+-------------------------------------------
     0 | D:1      | DocSulfur the Demigod Summoner began the quest for the Orb.
     0 | D:1      | Reached XP level 1. HP: 14/14 MP: 5/5
   326 | D:1      | Found Wet Emes's Magic Scroll Shoppe.
  1284 | D:1      | Reached XP level 2. HP: 17/20 MP: 5/7
  1586 | D:1      | You fall into a shaft and drop 1 floor!
  1851 | D:2      | Noticed Natasha
  1943 | D:2      | Slain by Natasha

Illustrated notes

Levels and vault maps discovered:
D:1:      amcnicky_arrival_underground_garden, layout_loops_ring, serial_shops,
          nicolae_shop_stone
D:2:      layout_loops_corners, shapermc_ecumenical_altar_starsandcircs,
          uniq_natasha

Skill      XL: |  1 |
---------------+----+-----
Spellcasting   | 2 |  2.2
Fighting       | |  0.3
Short Blades   | |  0.2
Dodging        | |  1.7
Stealth        | |  1.7
Unarmed Combat | |  0.3
Summonings     | |  3.9

Action                   || total
-------------------------++-------
Melee: Unarmed           ||    27
       Dagger            ||    32
       Falchion          ||     9
 Cast: Summon Small Mamm ||    34
 Stab: Sleeping          ||     3
Armor: Robe              ||    21
Dodge: Dodged            ||    60
       Rpst.: Falchion   ||     4
